[Event "42nd Olympiad Baku 2016 Women"]
[Site "Baku"]
[Date "2016.09.04"]
[Round "3.2"]
[White "Balajayeva, Khanim"]
[Black "Omurbekova, Diana"]
[Result "1-0"]
[ECO "B06"]
[WhiteElo "2147"]
[BlackElo "1868"]
[Annotator ""]
[PlyCount "77"]
[EventDate "2016.??.??"]
[EventCountry "AZE"]
[SourceTitle "playchess.com"]
[Source "ChessBase"]
[WhiteTeam "Azerbaijan"]
[BlackTeam "Kyrgyzstan"]
[WhiteTeamCountry "AZE"]
[BlackTeamCountry "KGZ"]
[TimeControl "40/5400+30:1800+30"]

1. e4 {(00:00)} g6 {(00:00)} 2. d4 {(00:00)} Bg7 {(
00:02)} 3. Nc3 {(00:00)} d6 {(01:02)} 4. g3 {(00:00)} Nd7
{(01:22)} 5. Bg2 {(00:18)} c5 {(02:21)} 6. Nge2 {(
03:03)} Ngf6 {(01:37)} 7. O-O {(03:24)} O-O {(00:26)} 8.
h3 {(01:00)} a6 {(01:06)} 9. Be3 {(01:00)} Rb8 {(
07:48)} 10. dxc5 {(03:48)} Nxc5 {(04:43)} 11. e5 {(00:55)}
Nfd7 {(17:02)} 12. exd6 {(00:09)} exd6 {(03:45)} 13. Qxd6
{(00:23)} Be5 {(00:16)} 14. Qd2 {(04:27)} b5 {(04:
34)} 15. Rad1 {(09:57)} Qa5 {(04:49)} 16. a3 {(01:43)} Ne6
{(09:16)} 17. Ba7 {(02:24)} Rb6 {(01:16)} 18. Nd5 {
(04:01)} Qxd2 {(10:55)} 19. Rxd2 {(00:32)} Rb8 {(
06:46)} 20. Bxb8 {(02:39)} Nxb8 {(00:48)} 21. Ne7+ {(00:
28)} Kg7 {(00:10)} 22. Nxc8 {(01:16)} Rxc8 {(00:06)} 23.
c3 {(00:02)} Nc6 {(00:55)} 24. Bxc6 {(00:23)} Rxc6 {
(00:05)} 25. f4 {(02:20)} Bc7 {(01:21)} 26. Nd4 {(
03:38)} Nxd4 {(03:57)} 27. cxd4 {(00:04)} Bb6 {(02:25)}
28. Kg2 {(00:22)} Rd6 {(00:29)} 29. d5 {(00:09)} Kf6 {
(00:38)} 30. Re1 {(00:20)} Ba5 {(00:51)} 31. b4 {(
00:05)} Bb6 {(00:55)} 32. g4 {(00:34)} Rd7 {(03:33)} 33.
d6 {(01:20)} Bc7 {(01:28)} 34. g5+ {(01:29)} Kg7 {(
01:05)} 35. Red1 {(00:16)} Bb8 {(00:28)} 36. Kf3 {(00:08)}
f5 {(00:32)} 37. Rc1 {(00:51)} Rxd6 {(07:35)} 38. Rxd6 {
(00:10)} Bxd6 {(00:05)} 39. Rc6 {(00:04)} 1-0

[Event "42nd Olympiad Baku 2016 Women"]
[Site "Baku"]
[Date "2016.09.04"]
[Round "3.25"]
[White "Baptista, Ana Filipa"]
[Black "Worek, Joanna"]
[Result "0-1"]
[ECO "B90"]
[WhiteElo "2125"]
[BlackElo "2360"]
[Annotator ""]
[PlyCount "66"]
[EventDate "2016.??.??"]
[EventCountry "AZE"]
[SourceTitle "playchess.com"]
[Source "ChessBase"]
[WhiteTeam "Portugal"]
[BlackTeam "Czech Republic"]
[WhiteTeamCountry "POR"]
[BlackTeamCountry "CZE"]
[TimeControl "40/5400+30:1800+30"]

1. e4 {(00:00)} c5 {(00:00)} 2. Nf3 {(00:00)} d6 {(
00:00)} 3. d4 {(00:00)} cxd4 {(00:00)} 4. Nxd4 {(00:00)}
Nf6 {(00:00)} 5. Nc3 {(00:01)} a6 {(00:00)} 6. Nb3 {
(00:32)} e6 {(02:04)} 7. Be3 {(07:23)} Be7 {(03:30]
} 8. g4 {(01:50)} Nc6 {(02:16)} 9. g5 {(07:15)} Nd7 {
(00:51)} 10. f4 {(00:49)} b5 {(03:07)} 11. Bg2 {(
04:28)} Bb7 {(10:09)} 12. Qe2 {(21:38)} Nb6 {(06:14)} 13.
a4 {(12:05)} b4 {(04:33)} 14. a5 {(04:13)} Nd7 {(
01:15)} 15. Nb1 {(02:16)} e5 {(04:32)} 16. f5 {(09:13)}
Bxg5 {(01:33)} 17. N1d2 {(01:44)} Bxe3 {(00:44)} 18. Qxe3
{(00:06)} Qh4+ {(03:47)} 19. Ke2 {(00:54)} Rc8 {(
01:01)} 20. Nc4 {(02:44)} Nd4+ {(03:42)} 21. Kd3 {(02:59)}
Nxf5 {(21:44)} 22. Qe1 {(06:40)} Qh6 {(02:00)} 23. Qxb4 {
(02:53)} Rxc4 {(03:30)} 24. Kxc4 {(09:49)} Bc6 {(
13:08)} 25. Bf3 {(01:53)} Bb5+ {(00:14)} 26. Qxb5 {(00:43]
} axb5+ {(00:31)} 27. Kxb5 {(00:10)} Qe3 {(00:37)} 28.
Rhf1 {(00:46)} Nd4+ {(00:31)} 29. Nxd4 {(00:30)} Qxd4 {
(00:02)} 30. b4 {(00:38)} Ke7 {(00:22)} 31. Rfb1 {(
00:35)} Rb8+ {(00:21)} 32. Ka4 {(00:15)} Nc5+ {(00:05)}
33. Ka3 {(00:17)} Rxb4 {(00:05)} 0-1

[Event "42nd Olympiad Baku 2016 Women"]
[Site "Baku"]
[Date "2016.09.04"]
[Round "3.24"]
[White "Batsiashvili, Nino"]
[Black "Narva, Regina"]
[Result "1-0"]
[ECO "A50"]
[WhiteElo "2474"]
[BlackElo "2009"]
[Annotator ""]
[PlyCount "53"]
[EventDate "2016.??.??"]
[EventCountry "AZE"]
[SourceTitle "playchess.com"]
[Source "ChessBase"]
[WhiteTeam "Georgia"]
[BlackTeam "Estonia"]
[WhiteTeamCountry "GEO"]
[BlackTeamCountry "EST"]
[TimeControl "40/5400+30:1800+30"]

1. d4 {(00:00)} Nf6 {(00:00)} 2. c4 {(00:00)} d5 {(
02:06)} 3. cxd5 {(00:32)} Nxd5 {(00:06)} 4. e4 {(00:36)}
Nb6 {(00:44)} 5. Nc3 {(00:36)} g6 {(01:54)} 6. Be3 {
(04:46)} Bg7 {(02:20)} 7. h3 {(04:15)} c6 {(25:36)}
8. Nf3 {(02:23)} O-O {(11:40)} 9. Qd2 {(04:58)} Be6 {
(11:54)} 10. Bh6 {(10:53)} f6 {(10:53)} 11. h4 {(
08:56)} Rf7 {(02:40)} 12. h5 {(03:51)} g5 {(02:33)} 13.
Bxg7 {(05:08)} Rxg7 {(00:25)} 14. h6 {(08:00)} Rg6 {
(03:10)} 15. d5 {(03:59)} cxd5 {(09:31)} 16. exd5 {
(00:46)} Bf5 {(05:02)} 17. Nd4 {(01:49)} Qc8 {(01:
57)} 18. Nxf5 {(01:10)} Qxf5 {(00:15)} 19. Bd3 {(00:10)}
Qe5+ {(02:04)} 20. Kf1 {(03:04)} f5 {(03:03)} 21. Re1 {
(00:08)} Qf6 {(00:46)} 22. Re6 {(04:26)} Qd4 {(01:
06)} 23. Nb5 {(03:24)} Qc5 {(01:07)} 24. b4 {(01:25)} Nc4
{(00:23)} 25. Rxg6+ {(00:16)} Kf8 {(00:43)} 26. bxc5 {
(00:17)} Nxd2+ {(00:13)} 27. Ke2 {(00:04)} 1-0

[Event "42nd Olympiad Baku 2016 Women"]
[Site "Baku"]
[Date "2016.09.04"]
[Round "3.22"]
[White "Bejatovic, Bojana"]
[Black "Ibtihal Mohammed"]
[Result "1-0"]
[ECO "D02"]
[WhiteElo "2063"]
[BlackElo "1479"]
[Annotator ""]
[PlyCount "43"]
[EventDate "2016.??.??"]
[EventCountry "AZE"]
[SourceTitle "playchess.com"]
[Source "ChessBase"]
[WhiteTeam "Macedonia"]
[BlackTeam "Sudan"]
[WhiteTeamCountry "MKD"]
[BlackTeamCountry "SUD"]
[TimeControl "40/5400+30:1800+30"]

1. d4 {(00:00)} d5 {(00:00)} 2. Nf3 {(00:00)} Bf5 {
(00:18)} 3. Bf4 {(00:00)} Nf6 {(00:43)} 4. e3 {(01:
16)} e6 {(00:08)} 5. h3 {(01:08)} Nbd7 {(03:50)} 6. Nbd2 {
(00:42)} h6 {(00:20)} 7. Be2 {(01:07)} Be7 {(02:41]
} 8. O-O {(00:28)} O-O {(00:03)} 9. c4 {(01:38)} c6 {
(04:17)} 10. Qb3 {(05:18)} Qb6 {(00:59)} 11. c5 {(
02:35)} Qxb3 {(00:09)} 12. axb3 {(00:14)} Rfc8 {(02:02)}
13. b4 {(04:32)} b5 {(03:02)} 14. Ra6 {(04:50)} Nb8 {
(04:44)} 15. Bxb8 {(03:00)} Raxb8 {(00:46)} 16. Rxa7 {
(00:58)} Bd8 {(00:21)} 17. Ne5 {(00:59)} Ra8 {(01:
33)} 18. Rfa1 {(02:07)} Rxa7 {(04:05)} 19. Rxa7 {(00:06)}
Bc7 {(05:03)} 20. Nxc6 {(01:05)} Bh2+ {(02:48)} 21. Kxh2 {
(00:06)} Rxc6 {(00:05)} 22. Bxb5 {(00:06)} 1-0

[Event "42nd Olympiad Baku 2016 Women"]
[Site "Baku"]
[Date "2016.09.04"]
[Round "3.19"]
[White "Bernales, Christy Lamiel"]
[Black "Tania, Sachdev"]
[Result "0-1"]
[ECO "E38"]
[WhiteElo "2065"]
[BlackElo "2402"]
[Annotator ""]
[PlyCount "68"]
[EventDate "2016.??.??"]
[EventCountry "AZE"]
[SourceTitle "playchess.com"]
[Source "ChessBase"]
[WhiteTeam "Philippines"]
[BlackTeam "India"]
[WhiteTeamCountry "PHI"]
[BlackTeamCountry "IND"]
[TimeControl "40/5400+30:1800+30"]

1. d4 {(00:00)} Nf6 {(00:00)} 2. c4 {(00:00)} e6 {(
00:00)} 3. Nc3 {(00:00)} Bb4 {(00:00)} 4. Qc2 {(00:01)} c5
{(01:43)} 5. dxc5 {(00:21)} Na6 {(04:12)} 6. a3 {(
05:06)} Bxc3+ {(00:53)} 7. Qxc3 {(00:19)} Nxc5 {(00:04)}
8. Bg5 {(03:15)} Nce4 {(05:45)} 9. Bxf6 {(00:52)} Nxf6 {
(01:15)} 10. e4 {(06:59)} d6 {(12:51)} 11. Nf3 {(
09:32)} O-O {(02:00)} 12. Bd3 {(00:20)} b6 {(01:02)} 13.
Rd1 {(03:53)} Qc7 {(01:31)} 14. O-O {(01:10)} Bb7 {
(00:09)} 15. Rfe1 {(00:31)} Rac8 {(04:29)} 16. Nd4 {
(02:43)} a6 {(13:24)} 17. Re3 {(03:03)} Qe7 {(17:
53)} 18. Rde1 {(13:01)} b5 {(00:25)} 19. Qb4 {(04:03)}
bxc4 {(01:36)} 20. Bxc4 {(05:12)} a5 {(14:24)} 21. Qb5 {
(04:34)} Nxe4 {(04:55)} 22. f3 {(07:22)} Rc5 {(04:
35)} 23. Qa4 {(00:35)} d5 {(02:53)} 24. Bd3 {(02:25)} Nd6
{(03:23)} 25. Nb3 {(01:10)} Rc7 {(01:21)} 26. Nxa5 {
(01:22)} Ra8 {(01:03)} 27. b4 {(05:04)} d4 {(00:26]
} 28. Re5 {(03:22)} Rc3 {(00:04)} 29. Rd1 {(04:39)} Bd5 {
(01:09)} 30. Bc2 {(13:19)} d3 {(00:12)} 31. Rxd3 {(
00:35)} Rxd3 {(00:07)} 32. Bxd3 {(00:05)} Qa7+ {(00:01)}
33. Kh1 {(01:01)} Qd4 {(00:01)} 34. Nc6 {(00:34)} Qa1+ {
(00:09)} 0-1

[Event "42nd Olympiad Baku 2016 Women"]
[Site "Baku"]
[Date "2016.09.04"]
[Round "3.28"]
[White "Bhatia, Kanwal K"]
[Black "Hauksdottir, Hrund"]
[Result "1-0"]
[ECO "C54"]
[WhiteElo "2133"]
[BlackElo "1793"]
[Annotator ""]
[PlyCount "69"]
[EventDate "2016.??.??"]
[EventCountry "AZE"]
[SourceTitle "playchess.com"]
[Source "ChessBase"]
[WhiteTeam "England"]
[BlackTeam "Iceland"]
[WhiteTeamCountry "ENG"]
[BlackTeamCountry "ISL"]
[TimeControl "40/5400+30:1800+30"]

1. e4 {(00:00)} e5 {(00:00)} 2. Nf3 {(00:00)} Nc6 {
(00:00)} 3. Bc4 {(00:00)} Bc5 {(00:10)} 4. c3 {(00:
00)} Nf6 {(00:35)} 5. d3 {(00:13)} a6 {(00:49)} 6. Bb3 {
(00:08)} Ba7 {(00:38)} 7. h3 {(00:10)} d6 {(01:30)}
8. Nbd2 {(00:24)} O-O {(03:44)} 9. Nf1 {(00:22)} h6 {
(01:15)} 10. g4 {(02:06)} d5 {(14:58)} 11. Qe2 {(
01:34)} dxe4 {(07:48)} 12. dxe4 {(00:07)} Nh7 {(02:58)}
13. Rg1 {(06:34)} Ng5 {(11:48)} 14. Nxg5 {(03:21)} hxg5 {
(00:15)} 15. Nh2 {(02:00)} Na5 {(05:13)} 16. Bc2 {(
02:14)} Be6 {(01:29)} 17. b3 {(00:30)} Qe7 {(04:38)} 18.
Nf3 {(00:41)} f6 {(04:41)} 19. h4 {(00:57)} gxh4 {(
02:01)} 20. Nxh4 {(00:24)} Qe8 {(05:58)} 21. Nf5 {(15:47)}
g6 {(05:29)} 22. Qf3 {(10:14)} Kf7 {(07:04)} 23. Ng3 {
(18:08)} Rh8 {(03:45)} 24. g5 {(00:27)} Qe7 {(00:
37)} 25. Ba3 {(01:06)} c5 {(00:39)} 26. O-O-O {(03:32)} b5
{(02:59)} 27. Rd6 {(11:39)} Bb8 {(02:10)} 28. Rd2 {
(03:10)} Ba7 {(00:13)} 29. Rgd1 {(01:57)} Rad8 {(
00:50)} 30. gxf6 {(02:49)} Qc7 {(00:17)} 31. Rxd8 {(01:38]
} Rxd8 {(00:06)} 32. Rh1 {(01:02)} Kg8 {(04:18)} 33. Nf5 {
(00:50)} Bxf5 {(04:38)} 34. exf5 {(00:22)} b4 {(02:
26)} 35. Qh3 {(01:38)} 1-0

[Event "42nd Olympiad Baku 2016 Women"]
[Site "Baku"]
[Date "2016.09.04"]
[Round "3.14"]
[White "Blagojevic, Tijana"]
[Black "Mazariegos, Silvia Carolina"]
[Result "1-0"]
[ECO "C41"]
[WhiteElo "2223"]
[BlackElo "1942"]
[Annotator ""]
[PlyCount "81"]
[EventDate "2016.??.??"]
[EventCountry "AZE"]
[SourceTitle "playchess.com"]
[Source "ChessBase"]
[WhiteTeam "Montenegro"]
[BlackTeam "Guatemala"]
[WhiteTeamCountry "MNE"]
[BlackTeamCountry "GUA"]
[TimeControl "40/5400+30:1800+30"]

1. e4 {(00:00)} d6 {(00:00)} 2. d4 {(00:00)} e5 {(
00:00)} 3. Nf3 {(00:03)} exd4 {(00:05)} 4. Nxd4 {(00:15)}
Nf6 {(00:08)} 5. Nc3 {(00:22)} Be7 {(00:22)} 6. g3 {
(00:07)} O-O {(01:23)} 7. Bg2 {(00:06)} c6 {(00:45]
} 8. O-O {(00:52)} Na6 {(00:57)} 9. b3 {(01:28)} Re8 {
(00:54)} 10. Bb2 {(00:07)} Bf8 {(02:13)} 11. Qd2 {(
00:54)} Nc7 {(06:24)} 12. Nde2 {(02:02)} Ne6 {(10:21)} 13.
Rfe1 {(01:25)} Qa5 {(02:24)} 14. Rad1 {(03:58)} Bd7 {
(05:28)} 15. Nd5 {(05:56)} Qxd2 {(11:39)} 16. Nxf6+ {
(03:23)} gxf6 {(00:07)} 17. Rxd2 {(00:03)} Nc5 {(
02:14)} 18. Nf4 {(02:42)} Bf5 {(14:00)} 19. Nh5 {(05:09)}
Nd7 {(00:20)} 20. Nxf6+ {(05:54)} Nxf6 21. Bxf6 Re6 {(02:
11)} 22. Bd4 {(04:51)} Rae8 {(16:15)} 23. Rde2 {(12:04)}
d5 {(04:16)} 24. f3 {(07:39)} dxe4 {(04:38)} 25. fxe4 {
(00:21)} c5 {(01:03)} 26. Bb2 {(03:47)} Bg4 {(02:
39)} 27. Rd2 {(00:59)} Ra6 {(02:00)} 28. Rd5 {(04:38)} h6
{(03:09)} 29. a3 {(06:15)} c4 {(02:31)} 30. b4 {(
00:32)} Rc6 {(02:20)} 31. e5 {(04:09)} Rc7 {(01:42)} 32.
Bc1 {(05:34)} a6 {(01:38)} 33. Rd4 {(00:25)} Bf5 {(
00:36)} 34. Re2 {(03:35)} Bg7 {(00:27)} 35. Bf4 {(00:50)}
Be6 {(00:26)} 36. Red2 {(01:37)} Bf5 {(01:25)} 37. Rd8 {
(01:22)} Rxd8 {(00:10)} 38. Rxd8+ {(00:04)} Kh7 {(
00:09)} 39. c3 {(01:53)} Re7 {(00:26)} 40. Rd5 {(01:05)}
Be6 {(00:51)} 41. Be4+ {(01:24)} 1-0

[Event "42nd Olympiad Baku 2016 Women"]
[Site "Baku"]
[Date "2016.09.04"]
[Round "3.7"]
[White "Bogdan, Ekaterina"]
[Black "Bengtsson, Jessica"]
[Result "1/2-1/2"]
[ECO "A40"]
[WhiteElo "2120"]
[BlackElo "2005"]
[Annotator ""]
[PlyCount "87"]
[EventDate "2016.??.??"]
[EventCountry "AZE"]
[SourceTitle "playchess.com"]
[Source "ChessBase"]
[WhiteTeam "Belarus"]
[BlackTeam "Sweden"]
[WhiteTeamCountry "BLR"]
[BlackTeamCountry "SWE"]
[TimeControl "40/5400+30:1800+30"]

1. d4 {(00:00)} Nf6 {(00:00)} 2. c4 {(00:00)} e6 {(
00:00)} 3. g3 {(00:00)} Bb4+ {(00:14)} 4. Bd2 {(00:07)} a5
{(00:11)} 5. Bg2 {(00:58)} d6 {(00:52)} 6. Nf3 {(
03:13)} Nbd7 {(00:17)} 7. O-O {(01:26)} e5 {(00:58)} 8.
Bg5 {(07:23)} exd4 {(01:42)} 9. Nxd4 {(03:22)} h6 {
(11:40)} 10. Bf4 {(05:28)} Ne5 {(06:32)} 11. Qc2 {(
08:10)} O-O {(02:56)} 12. Nc3 {(13:48)} Bc5 {(12:08)} 13.
Nb3 {(05:09)} Qe7 {(12:30)} 14. Nxc5 {(06:31)} dxc5 {
(00:05)} 15. Nd5 {(01:42)} Nxd5 {(04:23)} 16. cxd5 {
(00:33)} Rb8 {(22:24)} 17. Bxe5 {(06:26)} Qxe5 {(
00:04)} 18. Qxc5 {(00:22)} b6 {(01:02)} 19. Qc2 {(05:11)}
Bb7 {(01:35)} 20. Rfd1 {(02:32)} Rfd8 {(06:39)} 21. e4 {
(02:25)} Qd6 {(05:58)} 22. Rac1 {(02:06)} Rd7 {(00:
22)} 23. f4 {(03:02)} Qb4 {(02:45)} 24. a3 {(03:53)} Qf8 {
(01:02)} 25. Bh3 {(03:43)} Re7 {(00:09)} 26. e5 {(
00:27)} Rd8 {(03:10)} 27. Qb3 {(04:00)} Qe8 {(00:52)} 28.
d6 {(03:21)} cxd6 {(00:10)} 29. Qxb6 {(00:07)} d5 {
(00:46)} 30. Rc7 {(01:22)} Rxc7 {(00:19)} 31. Qxc7 {
(00:02)} Ba8 {(01:42)} 32. Qxa5 {(00:31)} d4 {(00:
20)} 33. Qc5 {(02:48)} Qa4 {(00:47)} 34. Rd2 {(00:40)} d3
{(00:52)} 35. Bg2 {(00:26)} Bxg2 {(00:17)} 36. Kxg2 {
(00:06)} Qe4+ {(00:07)} 37. Kf2 {(01:02)} Qh1 {(00:
37)} 38. Qe3 {(01:05)} Qxh2+ {(00:18)} 39. Kf1 {(00:35)}
Qh1+ {(00:30)} 40. Kf2 {(00:00)} Qh2+ {(00:00)} 41. Kf3 {
(10:02)} Qh1+ {(04:43)} 42. Kf2 {(05:28)} Qh2+ {(
00:20)} 43. Kf3 {(01:35)} Qh1+ {(00:17)} 44. Kf2 {(00:30)}
1/2-1/2

[Event "42nd Olympiad Baku 2016 Women"]
[Site "Baku"]
[Date "2016.09.04"]
[Round "3.2"]
[White "Boric, Elena"]
[Black "Jalaluldeen, Kareen Kamal J"]
[Result "1-0"]
[ECO "C00"]
[WhiteElo "2216"]
[BlackElo "1824"]
[Annotator ""]
[PlyCount "77"]
[EventDate "2016.??.??"]
[EventCountry "AZE"]
[SourceTitle "playchess.com"]
[Source "ChessBase"]
[WhiteTeam "Bosnia  Herzegovina"]
[BlackTeam "Iraq"]
[WhiteTeamCountry "BIH"]
[BlackTeamCountry "IRQ"]
[TimeControl "40/5400+30:1800+30"]

1. e4 {(00:00)} e6 {(00:00)} 2. Qe2 {(00:16)} e5 {(
00:06)} 3. Nf3 {(01:16)} Nc6 {(00:37)} 4. g3 {(00:24)} Nf6
{(00:11)} 5. Bg2 {(00:38)} Bc5 {(00:20)} 6. c3 {(
00:53)} a5 {(01:20)} 7. O-O {(02:24)} O-O {(01:34)} 8. d3
{(00:17)} d6 {(01:21)} 9. Nbd2 {(04:55)} Be6 {(09:
19)} 10. Nc4 {(03:52)} h6 {(03:22)} 11. h3 {(06:15)} Qd7 {
(05:23)} 12. Kh2 {(00:19)} Nh7 {(14:36)} 13. Ne3 {(
11:16)} Rae8 {(07:05)} 14. Nh4 {(02:19)} Ne7 {(04:52)} 15.
f4 {(06:32)} f5 {(08:25)} 16. fxe5 {(06:36)} fxe4 {
(04:39)} 17. dxe4 {(10:08)} dxe5 {(02:02)} 18. Bd2 {
(05:59)} c6 {(06:43)} 19. b3 {(06:48)} Nf6 {(03:47]
} 20. Rad1 {(01:21)} Rd8 {(01:06)} 21. Bc1 {(01:31)} Qc7 {
(01:19)} 22. Rxd8 {(00:24)} Rxd8 {(01:05)} 23. Nef5 {
(00:36)} Nxf5 {(02:33)} 24. Nxf5 {(02:32)} Rf8 {(
02:16)} 25. g4 {(06:55)} Qd7 {(03:18)} 26. g5 {(03:43)}
hxg5 {(01:19)} 27. Bxg5 {(01:34)} Nxe4 {(01:31)} 28. Qxe4
{(01:43)} Bxf5 {(00:15)} 29. Qc4+ {(00:28)} Be6 {(
03:55)} 30. Qxc5 {(00:05)} Rxf1 {(00:29)} 31. Bxf1 {(00:
03)} e4 {(02:21)} 32. Qe5 {(02:24)} Bf5 {(02:42)} 33. Bg2
{(01:39)} Qf7 {(03:50)} 34. Qxa5 {(01:31)} Bg6 {(
02:05)} 35. Qe5 {(01:11)} Qf2 {(00:52)} 36. a4 {(01:58)}
Bf7 {(00:19)} 37. c4 {(00:41)} Qc2 {(00:17)} 38. Be3 {
(01:21)} Qxb3 {(00:46)} 39. Bd4 {(00:09)} 1-0

[Event "42nd Olympiad Baku 2016 Women"]
[Site "Baku"]
[Date "2016.09.04"]
[Round "3.16"]
[White "Bosch Garcia, Jacqueline"]
[Black "Phitchayarom, Ruja"]
[Result "1-0"]
[ECO "B08"]
[WhiteElo "2011"]
[BlackElo "1584"]
[Annotator ""]
[PlyCount "99"]
[EventDate "2016.??.??"]
[EventCountry "AZE"]
[SourceTitle "playchess.com"]
[Source "ChessBase"]
[WhiteTeam "Ecuador"]
[BlackTeam "Thailand"]
[WhiteTeamCountry "ECU"]
[BlackTeamCountry "THA"]
[TimeControl "40/5400+30:1800+30"]

1. d4 {(00:00)} Nf6 {(00:00)} 2. Nf3 {(00:00)} g6 {
(00:00)} 3. Nc3 {(00:00)} Bg7 {(00:05)} 4. e4 {(00:
12)} d6 {(00:17)} 5. Bg5 {(07:30)} O-O {(00:51)} 6. Qd2 {
(00:23)} Nbd7 {(01:24)} 7. O-O-O {(00:42)} c5 {(00:
47)} 8. h4 {(03:12)} cxd4 {(00:46)} 9. Nxd4 {(00:14)} Nc5
{(01:30)} 10. f3 {(01:02)} h5 {(01:29)} 11. Be2 {(
01:49)} Ne6 {(10:52)} 12. Nxe6 {(04:53)} Bxe6 {(00:14)}
13. Rdg1 {(01:40)} Qa5 {(06:16)} 14. Kb1 {(04:07)} Rac8 {
(03:00)} 15. Nd5 {(07:03)} Qxd2 {(01:43)} 16. Nxe7+ {
(04:10)} Kh7 {(00:24)} 17. Bxd2 {(00:07)} Rc7 {(00:
46)} 18. Nd5 {(01:04)} Nxd5 {(00:39)} 19. exd5 {(00:08)}
Bxd5 {(00:13)} 20. Bb4 {(07:14)} Rd7 {(06:30)} 21. Rd1 {
(04:36)} Bc6 {(11:07)} 22. Rxd6 {(05:50)} Rxd6 {(
00:43)} 23. Bxd6 {(00:03)} Rd8 {(00:19)} 24. Bf4 {(01:45)}
Bf6 {(01:17)} 25. c3 {(08:05)} Kg7 {(01:01)} 26. Kc2 {
(01:45)} Rd5 {(00:44)} 27. Bd2 {(18:11)} Re5 {(01:
56)} 28. Bd3 {(00:47)} Ra5 {(01:16)} 29. a3 {(02:15)} Ba4+
{(01:07)} 30. Kc1 {(02:01)} Rd5 {(00:56)} 31. Be4 {
(00:34)} Rd7 {(00:20)} 32. g3 {(01:20)} Be5 {(00:
48)} 33. f4 {(06:11)} Bb8 {(04:47)} 34. Re1 {(00:11)} f5 {
(00:34)} 35. Bc2 {(00:27)} Bc6 {(01:03)} 36. Be3 {(
02:30)} a6 {(01:11)} 37. Bd4+ {(00:14)} Kh7 {(00:20)} 38.
Re6 {(02:34)} Bd5 {(01:40)} 39. Re8 {(00:27)} Bxf4+ {
(02:23)} 40. gxf4 {(00:00)} Kh6 {(00:00)} 41. Rh8+ {
(01:42)} Rh7 {(05:08)} 42. Rxh7+ {(00:03)} Kxh7 {(
00:07)} 43. Kd2 {(00:23)} Kg8 {(00:24)} 44. Ke3 {(00:33)}
Kf7 {(00:18)} 45. Be5 {(00:21)} Ke7 {(01:28)} 46. Kd4 {
(00:12)} Bc6 {(00:45)} 47. Bb3 {(00:16)} Bd7 {(01:
43)} 48. Bd5 {(00:28)} Bc8 {(00:17)} 49. Kc5 {(00:13)} b5
{(00:40)} 50. Kb6 {(00:50)} 1-0

[Event "42nd Olympiad Baku 2016 Women"]
[Site "Baku"]
[Date "2016.09.04"]
[Round "3.18"]
[White "Brunello, Marina"]
[Black "Zuriel, Marisa"]
[Result "1/2-1/2"]
[ECO "B84"]
[WhiteElo "2376"]
[BlackElo "2272"]
[Annotator ""]
[PlyCount "188"]
[EventDate "2016.??.??"]
[EventCountry "AZE"]
[SourceTitle "playchess.com"]
[Source "ChessBase"]
[WhiteTeam "Italy"]
[BlackTeam "Argentina"]
[WhiteTeamCountry "ITA"]
[BlackTeamCountry "ARG"]
[TimeControl "40/5400+30:1800+30"]

1. e4 {(00:00)} c5 {(00:00)} 2. Nf3 {(00:00)} d6 {(
00:00)} 3. d4 {(00:00)} cxd4 {(00:00)} 4. Nxd4 {(00:00)}
Nf6 {(00:11)} 5. Nc3 {(00:00)} a6 {(00:20)} 6. Be2 {
(00:11)} e6 {(00:31)} 7. O-O {(01:30)} Be7 {(00:27]
} 8. f4 {(00:57)} Nc6 {(01:22)} 9. Be3 {(00:37)} O-O {
(00:20)} 10. Qe1 {(08:17)} Nxd4 {(03:26)} 11. Bxd4 {
(00:11)} b5 {(00:16)} 12. a3 {(02:17)} Bb7 {(00:24]
} 13. Qg3 {(00:47)} g6 {(01:21)} 14. Bd3 {(03:32)} Rc8 {
(02:03)} 15. Kh1 {(07:29)} Bc6 {(31:15)} 16. Qh3 {(
07:50)} d5 {(24:05)} 17. e5 {(06:41)} Ne4 {(08:37)} 18.
Rf3 {(09:46)} Re8 {(02:31)} 19. Re1 {(12:53)} f5 {(
09:04)} 20. exf6 {(02:06)} Bxf6 {(00:08)} 21. Bxf6 {(01:
39)} Qxf6 {(00:11)} 22. Bxe4 {(01:15)} dxe4 {(00:11)} 23.
Rf2 {(00:58)} Rcd8 {(02:32)} 24. Qe3 {(02:51)} Rd4 {
(02:45)} 25. Rd2 {(03:33)} Red8 {(03:02)} 26. Rxd4 {
(01:34)} Rxd4 {(00:11)} 27. Ne2 {(10:49)} Rd7 {(01:
58)} 28. Qc3 {(01:21)} Qxc3 {(00:51)} 29. Nxc3 {(00:06)}
Rd2 {(00:28)} 30. Re2 {(00:55)} Rd4 {(04:24)} 31. Kg1 {
(00:44)} a5 {(00:21)} 32. Kf2 {(01:01)} b4 {(00:12]
} 33. Ke3 {(00:52)} Rc4 {(00:37)} 34. axb4 {(00:40)} Rxb4
{(00:45)} 35. Nd1 {(01:19)} Kf7 {(00:17)} 36. Rd2 {
(00:23)} Ke7 {(01:15)} 37. g3 {(00:28)} Rc4 {(00:
59)} 38. Nf2 {(01:20)} h5 {(00:29)} 39. c3 {(00:55)} Ra4 {
(00:37)} 40. Nd1 {(00:00)} Ra1 {(00:00)} 41. Kd4 {(
07:22)} Ba4 {(17:11)} 42. Ne3 {(07:49)} Bc6 {(04:12)} 43.
Kc5 {(11:10)} Be8 {(01:35)} 44. Re2 {(00:34)} Rh1 {
(02:01)} 45. Nc4 {(04:14)} a4 {(03:03)} 46. Nd2 {(
00:20)} e3 {(03:27)} 47. Nc4 {(00:08)} h4 {(00:19)} 48.
Nxe3 {(00:38)} h3 {(01:34)} 49. c4 {(04:08)} Kd7 {(
01:05)} 50. Ng4 {(03:05)} Ke7 {(00:56)} 51. Ne5 {(00:38)}
Rg1 {(00:56)} 52. Kd4 {(01:37)} Rd1+ {(00:17)} 53. Ke3 {
(00:28)} Rc1 {(00:06)} 54. Rd2 {(00:22)} Ra1 {(01:
07)} 55. Kf3 {(00:21)} Rg1 {(00:40)} 56. Ke3 {(01:46)} Ra1
{(00:20)} 57. c5 {(01:38)} Rc1 {(00:36)} 58. Kd4 {(
00:06)} Kf6 {(00:29)} 59. Ng4+ {(00:32)} Ke7 {(00:06)} 60.
Nf2 {(01:09)} Bb5 {(00:13)} 61. Nxh3 {(00:33)} Rc4+ {
(00:11)} 62. Ke3 {(00:05)} Rxc5 {(00:08)} 63. Nf2 {
(00:21)} Bc6 {(00:51)} 64. Nd3 {(00:32)} Rb5 {(01:
07)} 65. Ne5 {(00:48)} Be8 {(00:06)} 66. Kd4 {(00:48)}
Rd5+ {(01:20)} 67. Kc3 {(00:17)} Rb5 {(00:33)} 68. Re2 {
(01:13)} Rb3+ {(00:10)} 69. Kc2 {(00:16)} Rb7 {(00:
23)} 70. Re3 {(00:32)} Rb5 {(00:47)} 71. Nf3 {(00:26)} Rb7
{(00:41)} 72. Nd4 {(00:40)} Bd7 {(00:09)} 73. Re5 {
(00:14)} Rc7+ {(00:31)} 74. Kd2 {(00:10)} Rb7 {(00:
14)} 75. Kc3 {(00:39)} Kf6 {(00:38)} 76. Rc5 {(00:28)} Be8
{(00:28)} 77. Ra5 {(00:42)} Rb8 {(01:00)} 78. Ra6 {
(00:37)} Bd7 {(00:13)} 79. Ra7 {(00:16)} Rc8+ {(00:
41)} 80. Kd3 {(01:05)} Ke7 {(00:33)} 81. Ne2 {(00:29)} Rb8
{(00:26)} 82. Kc2 {(00:35)} Kd6 {(00:12)} 83. Nc3 {
(00:59)} Rb4 {(00:17)} 84. Ra5 {(00:05)} Bc6 {(00:
37)} 85. Rg5 {(00:54)} Be8 {(00:05)} 86. Re5 {(00:08)} Bc6
{(00:16)} 87. h4 {(01:10)} Ke7 {(01:07)} 88. Re2 {(
00:29)} Kf7 {(00:31)} 89. Re3 {(00:51)} Kf6 {(00:13)} 90.
Ne2 {(00:13)} Bd5 {(00:19)} 91. Nc1 {(00:34)} Kf5 {
(00:32)} 92. Nd3 {(01:20)} Rb3 {(01:01)} 93. Kd2 {(
01:10)} Bc4 {(00:55)} 94. Kc2 {(00:55)} Bd5 1/2-1/2